 Dungeon Crawl Stone Soup version 0.17-a0-562-gfd539b1 (console) character file.

12551 Fusha the Covert (level 11, 0/61 HPs)
             Began as an Octopode Air Elementalist on Apr 14, 2015.
             Was a High Priest of Sif Muna.
             Slain by a warg (15 damage)
             ... on level 1 of the Orcish Mines.
             The game lasted 01:14:51 (20585 turns).

Fusha the Covert (Octopode Air Elementalist)       Turns: 20585, Time: 01:14:51

Health: 0/61       AC:  3    Str: 12    XL:     11   Next: 95%
Magic:  10/21      EV: 15    Int: 20    God:    Sif Muna [*****.]
Gold:   721        SH:  0    Dex: 13    Spells: 4 memorised, 14 levels left

rFire  . . .     SeeInvis +     a - +4 rapier
rCold  . . .     Clarity  .     (no shield)
rNeg   . . .     SustAb   .     c - +2 hat
rPois  .         Gourm    .     (no amulet)
rElec  .         Spirit   .     g - ring of teleport control
rCorr  .         Warding  .     n - +4 ring of strength (curse)
rMut   .         Stasis   .     s - ring of see invisible
MR     .....                    (no ring)
Stlth  ++++++....               (no ring)
                                (no ring)
                                (no ring)
                                (no ring)

@: repel missiles, not resistant to hostile enchantments, very stealthy
A: almost no armour, amphibious, 8 rings, constrict 8, camouflage 1, gelatinous
body 1
a: Channel Energy, Forget Spell, Renounce Religion, Evoke Teleport Control


You were on level 1 of the Orcish Mines.
You worshipped Sif Muna.
Sif Muna was extremely pleased with you.
You were full.

You visited 2 branches of the dungeon, and saw 11 of its levels.

You collected 721 gold pieces.

Inventory:

Hand weapons
 a - a +4 rapier (weapon)
 b - a +0 blowgun
 e - a +0 club
 k - a +0 short sword
 H - a +3 short sword
Missiles
 B - 21 poisoned needles
 D - 5 curare-tipped needles
Armour
 c - a +2 hat (worn)
 z - a +2 hat
Jewellery
 g - a ring of teleport control (left tentacle)
 n - a cursed +4 ring of strength (right tentacle)
 s - a ring of see invisible (on tentacle)
Magical devices
 p - a wand of flame (17)
 r - a wand of digging (6)
 t - a wand of teleportation (5)
 u - a wand of magic darts (0)
 x - a wand of lightning (0)
 y - a wand of frost (20)
 C - a wand of flame (0)
 J - a wand of paralysis (3)
 M - a wand of fire (7)
Scrolls
 d - a scroll of noise
 h - 4 scrolls of remove curse
 i - a scroll of enchant armour
 m - 5 scrolls of teleportation
 q - a scroll of blinking
 v - a scroll of fog
 w - a scroll of immolation
 A - 2 scrolls of magic mapping
 L - 2 scrolls of identify
Potions
 f - a potion of flight
 j - 3 potions of brilliance
 o - a potion of magic
 I - a potion of might
Books
 l - a book of Air

   Spells                             Type                      Level
   a - Shock                          Conjuration/Air              1
   b - Swiftness                      Charms/Air                   2
   c - Repel Missiles                 Charms/Air                   2
   d - Flight                         Charms/Air                   3
   e - Static Discharge               Conjuration/Air              3
   f - Lightning Bolt                 Conjuration/Air              5
 E - a book of Death

   Spells                             Type                      Level
   a - Corpse Rot                     Necromancy                   2
   b - Sublimation of Blood           Necromancy                   2
   c - Agony                          Necromancy                   5
   d - Dispel Undead                  Necromancy                   5
   e - Excruciating Wounds            Charms/Necromancy            5
   f - Bolt of Draining               Conjuration/Necromancy       5
 G - a book of Envenomations

   Spells                             Type                      Level
   a - Spider Form                    Transmutation/Poison         3
   b - Alistair's Intoxication        Transmutation/Poison         4
   c - Olgreb's Toxic Radiance        Poison                       4
   d - Poisonous Cloud                Conjuration/Poison/Air       6
Comestibles
 F - 4 royal jellies


   Skills:
 * Level 0.0 Fighting
 - Level 3.0 Throwing
 + Level 6.2 Dodging
 + Level 11.0 Stealth
 + Level 7.0 Spellcasting
 + Level 8.5 Conjurations
 + Level 9.2 Air Magic
 * Level 7.9 Evocations


You had 14 spell levels left.
You knew the following spells:

 Your Spells              Type           Power        Failure   Level  Hunger
b - Lightning Bolt        Conj/Air       #####.....   10%         5    #####..
e - Repel Missiles        Chrm/Air       ####..       2%          2    None
s - Swiftness             Chrm/Air       ####....     2%          2    None
z - Shock                 Conj/Air       ####         1%          1    None


Dungeon Overview and Level Annotations

Branches:
Dungeon (10/15)            Temple (0/1) D:7             Orc (1/4) D:9
   Lair: D:8-11

Altars:
Dithmenos
Elyvilon
Fedhas
Makhleb
Okawaru
Ru
Sif Muna
Trog
Vehumet
Yredelemnul
The Shining One

Shops:
D:10 :

Annotations:
D:6 exclusion: oklob plant


Innate Abilities, Weirdness & Mutations

You cannot wear most types of armour.
You are amphibious.
You can wear up to eight rings at the same time.
You can use your tentacles to constrict eight enemies at once.
Your skin changes colour to match your surroundings (Stealth).
Your rubbery body absorbs attacks (AC +1).


Message History

Okay, then.
Casting: Shock
Confirm with . or Enter, or press ? or * to list all spells.
Aiming: Lightning Bolt
Press: ? - help, Shift-Dir - straight line You hear a mighty clap of thunder!
The bolt of lightning misses the warg.
The bolt of lightning hits the warg.
The warg is heavily wounded.
The bolt of lightning hits the orc.
You kill the orc!
You hear a shout! x2
The warg closely misses you.
Casting: Lightning Bolt
Confirm with . or Enter, or press ? or * to list all spells.
Aiming: Lightning Bolt
Press: ? - help, Shift-Dir - straight line You miscast Lightning Bolt.
Sif Muna protects you from the effects of your miscast!
The warg bites you!
You die...

.............#...##
................##
................##
.((...#...#......#
..o)......#.....##
......##)#)..#.###
.....####.).#.##.##
..#.## #.....oh..#
..### #...#.##@##
... ##.####### ....
### ... .


You could see a warg and an orc.

Vanquished Creatures
  Gastronok (D:8)
  Erica (D:10)
  2 hill giants (D:10)
  Pikel (D:5)
  Joseph (D:9)
  A troll (D:10)
  Grinder (D:4)
  3 two-headed ogres
  3 yaks (D:10)
  Sigmund (D:5)
  A deep elf mage (D:9)
  A wyvern (D:8)
  Eustachio (D:5)
  A sky beast (D:5)
  A hungry ghost (D:9)
  Menkaure (D:4)
  A warg (D:9)
  A spider (D:8)
  A black bear (shapeshifter) (D:10)
  6 phantoms
  An eye of draining (D:9)
  5 orc warriors
  2 boring beetles (D:8)
  9 ogres
  A big kobold (D:10)
  A crocodile (D:9)
  4 centaurs
  Blork the orc (D:6)
  4 giant frogs
  3 scorpions
  A quasit (D:7)
  4 wights (D:9)
  15 crimson imps
  2 centaur zombies
  6 hounds
  7 jellies
  17 orc wizards
  Ijyb (D:3)
  10 orc priests
  A centaur skeleton (D:7)
  An iron imp (D:5)
  3 iguanas (D:4)
  Natasha (thrice) (D:4)
  6 worker ants
  A hound zombie (D:5)
  2 worker ant zombies
  3 hound skeletons
  12 adders
  6 gnolls
  5 shadow imps
  5 oozes
  3 adder zombies
  An adder skeleton (D:4)
  7 worms
  5 giant geckos
  79 orcs
  2 ball pythons
  A bat zombie (D:6)
  20 goblins
  24 hobgoblins
  11 jackals
  29 kobolds
  7 quokkas
  23 bats
  7 giant cockroaches
  4 giant gecko skeletons
  6 giant newts
  A giant spore (D:3)
  A jackal zombie (D:7)
  19 rats
  2 ballistomycetes (D:3)
424 creatures vanquished.

Vanquished Creatures (others)
  2 slaves (D:5)
  A kobold (D:5)
3 creatures vanquished.

Grand Total: 427 creatures vanquished

Notes
Turn   | Place    | Note
--------------------------------------------------------------
     0 | D:1      | Fusha, the Octopode Air Elementalist, began the quest for the Orb.
     0 | D:1      | Reached XP level 1. HP: 11/11 MP: 3/3
   175 | D:1      | Reached XP level 2. HP: 17/17 MP: 3/5
   179 | D:1      | Learned a level 2 spell: Repel Missiles
   182 | D:1      | Learned a level 2 spell: Swiftness
   809 | D:1      | Reached XP level 3. HP: 19/21 MP: 4/6
  1460 | D:2      | Reached XP level 4. HP: 24/27 MP: 8/8
  1545 | D:2      | Reached skill level 4 in Stealth
  2114 | D:2      | Found a deep blue altar of Sif Muna.
  2120 | D:2      | Became a worshipper of Sif Muna the Loreminder
  2556 | D:3      | Reached XP level 5. HP: 16/31 MP: 9/9
  2825 | D:3      | Noticed Ijyb
  2840 | D:3      | Killed Ijyb
  2840 | D:3      | Reached skill level 5 in Stealth
  2840 | D:3      | Reached skill level 1 in Evocations
  3591 | D:3      | Reached XP level 6. HP: 25/36 MP: 9/11
  4041 | D:4      | Found a glowing golden altar of the Shining One.
  4045 | D:4      | Noticed a phantom
  4095 | D:4      | Noticed a phantom
  4124 | D:5      | Entered Level 5 of the Dungeon
  4415 | D:5      | Noticed Eustachio
  4466 | D:4      | Killed a phantom
  4726 | D:4      | Noticed Menkaure
  4729 | D:4      | Killed Menkaure
  4729 | D:4      | Reached skill level 6 in Stealth
  4729 | D:4      | Reached XP level 7. HP: 41/41 MP: 12/12
  4762 | D:4      | Acquired Sif Muna's first power
  4831 | D:4      | Noticed Natasha
  4859 | D:4      | Noticed Grinder
  5496 | D:4      | Killed Natasha
  5534 | D:4      | Killed Grinder
  5534 | D:4      | Reached skill level 7 in Stealth
  5534 | D:4      | Reached XP level 8. HP: 39/46 MP: 5/14
  5577 | D:4      | HP: 2/46 [poisoned by a worker ant]
  5585 | D:4      | HP: 1/46 [poisoned by a worker ant]
  5643 | D:4      | Noticed Natasha
  5817 | D:4      | Killed Natasha
  6356 | D:4      | Killed a phantom
  6450 | D:4      | Noticed Natasha
  6452 | D:4      | Killed Natasha
  6497 | D:4      | Reached skill level 5 in Air Magic
  7111 | D:5      | Noticed Pikel
  7433 | D:5      | Reached skill level 5 in Spellcasting
  7460 | D:5      | Found a sacrificial altar of Ru.
  7460 | D:5      | Noticed Sigmund
  7467 | D:5      | Killed Sigmund
  7467 | D:5      | Reached skill level 8 in Stealth
  7552 | D:5      | Acquired Sif Muna's second power
  7894 | D:5      | Reached XP level 9. HP: 43/51 MP: 11/16
  7934 | D:5      | Killed Eustachio
  8580 | D:5      | Learned a level 5 spell: Lightning Bolt
  8658 | D:5      | Killed Pikel
  8658 | D:5      | Reached skill level 5 in Conjurations
  9205 | D:6      | Reached skill level 9 in Stealth
  9435 | D:6      | Found an iron altar of Okawaru.
  9439 | D:6      | Noticed an oklob plant
  9462 | D:6      | Found an iron altar of Okawaru.
  9556 | D:6      | Reached skill level 5 in Evocations
 10943 | D:6      | Noticed Blork the orc
 10957 | D:6      | Killed Blork the orc
 11390 | D:6      | Reached XP level 10. HP: 25/56 MP: 18/18
 11499 | D:6      | Noticed a hill giant
 12160 | D:7      | Found a glowing golden altar of the Shining One.
 12360 | D:7      | Reached skill level 5 in Dodging
 12482 | D:7      | Found a basalt altar of Yredelemnul.
 12614 | D:7      | Found a staircase to the Ecumenical Temple.
 12743 | D:7      | Found a radiant altar of Vehumet.
 12744 | D:7      | Found a burning altar of Makhleb.
 12807 | D:8      | Found a bloodstained altar of Trog.
 13022 | D:8      | Noticed Gastronok
 13261 | D:9      | Found a shadowy altar of Dithmenos.
 13442 | D:8      | Noticed Joseph
 15857 | D:8      | Killed Gastronok
 15857 | D:8      | Acquired Sif Muna's third power
 15857 | D:8      | Reached skill level 1 in Throwing
 15857 | D:8      | Reached skill level 10 in Stealth
 15857 | D:8      | Reached XP level 11. HP: 34/61 MP: 20/20
 16907 | D:9      | Killed Joseph
 16988 | D:9      | Found a staircase to the Orcish Mines.
 17049 | D:9      | Found a blossoming altar of Fedhas.
 17190 | D:9      | Found a white marble altar of Elyvilon.
 17680 | D:10     | Entered Level 10 of the Dungeon
 17681 | D:10     | Found Noz Biy's Book Shop.
 18729 | D:10     | Noticed Erica
 18763 | D:10     | Killed Erica
 18798 | D:10     | Noticed a hill giant
 18837 | D:10     | Killed a hill giant
 19286 | D:10     | Noticed a hill giant
 19309 | D:10     | Killed a hill giant
 19497 | D:10     | Reached skill level 11 in Stealth
 19697 | D:10     | Noticed a fire giant
 19923 | Orc:1    | Entered Level 1 of the Orcish Mines
 20585 | Orc:1    | Slain by a warg

Action                   |  1- 3 |  4- 6 |  7- 9 | 10-12 || total
-------------------------+-------+-------+-------+-------++-------
Melee: Unarmed           |     2 |       |       |       ||     2
       Short sword       |    32 |    51 |       |       ||    83
       Club              |     8 |       |       |       ||     8
       Rapier            |       |    90 |   199 |   236 ||   525
 Fire: Blowgun           |       |       |       |    86 ||    86
 Cast: Shock             |    38 |    50 |   151 |   380 ||   619
       Repel Missiles    |     1 |       |     1 |     3 ||     5
       Swiftness         |       |     1 |       |       ||     1
       Lightning Bolt    |       |       |       |     2 ||     2
Evoke: Wand              |       |     2 |    35 |    11 ||    48
  Use: Potion            |     3 |     2 |     1 |     2 ||     8
       Scroll            |       |     7 |    11 |     6 ||    24
 Stab: Sleeping          |     2 |    11 |    12 |    21 ||    46
       Distracted        |       |     1 |     1 |     1 ||     3
       Paralysed         |       |       |       |     2 ||     2
  Eat: Bread ration      |     1 |     1 |     2 |     2 ||     6
       Beef jerky        |     1 |       |       |     6 ||     7
       Meat ration       |       |     1 |     2 |     1 ||     4
       Royal jelly       |       |       |     1 |     5 ||     6
       Pizza             |       |       |       |     1 ||     1
